Map: Prion Terraces

Players

MrTea

  • Race: Zerg Zerg
  • League: Diamond

kel - Winner!

  • Race: Zerg Zerg
  • League: Master

Event: Gauntlet LotV Series 1 Qualifier 1

VOD

Have the link to the VOD?

Description

Time

  • Played on: Nov. 22, 2015, 3:17 p.m.
  • Length: 3:07

All games in this series

Show
View Real Time Build Order
Export as new Build Order

MrTea Zerg 

Build Orders: Hatch First 

Get SALT Encoding   

  12  0:02  Drone  
  13  0:12  Overlord  
  13  0:17  Drone  
  13  0:21  Extractor  
  13  0:23  Drone  
  15  0:32  Drone  
  16  0:40  Drone  
  17  0:53  Hatchery  
  17  0:56  Drone  
  17  1:00  Extractor  
  16  1:06  Drone  
  17  1:16  Spawning Pool  
  16  1:27  Drone x2  
  16  1:30  Overlord  
  18  1:45  Drone  
  19  1:51  Drone  
  20  2:00  Drone  
  21  2:02  Queen  
  21  2:07  Queen  
  25  2:12  Drone  
  25  2:14  Zergling x2  
  27  2:26  Drone  
  28  2:44  Spine Crawler  
Show
View Real Time Build Order
Export as new Build Order

kel Zerg - Winner!

Build Orders: Pool Only 

Get SALT Encoding   

  12  0:02  Drone  
  13  0:15  Extractor  
  12  0:26  Spawning Pool  
  11  0:29  Drone  
  11  0:33  Drone  
  13  0:45  Overlord  
  13  1:13  Zergling x6  
  13  1:16  Metabolic Boost  
  16  1:24  Zergling x2  
  17  1:40  Baneling Nest  
  17  1:41  Zergling x2  
  17  1:46  Queen  
  19  1:54  Zergling x2  
  20  2:08  Overlord  
  20  2:12  Zergling x2  
  21  2:26  Baneling  
  21  2:27  Zergling x2, Baneling x2  
  22  2:34  Zergling x2  
  23  2:40  Zergling x2  
Tags
 
Add a new tag
Caveats
  • Supply blocks, unpowered buildings, or Contaminate may cause inaccurate times.
  • Supply counts are checked every 10 seconds.